Map: World of Sleepers LE

Players

Mez

  • Race: Terran Terran
  • League: Master
  • Spawn Location: 1:00

PakaZerg - Winner!

  • Race: Zerg Zerg
  • League: Master
  • Spawn Location: 7:00

VOD

Have the link to the VOD?

Description

Time

  • Played on: Aug. 28, 2019, 9:20 p.m.
  • Length: 11:06
Show
View Real Time Build Order
Export as new Build Order

Mez Terran 

Build Orders: Liberator Opening, Reaper Expand 

Get SALT Encoding   

  12  0:01  SCV  
  13  0:13  SCV  
  14  0:17  Supply Depot  
  14  0:25  SCV  
  15  0:39  Barracks, SCV  
  16  0:43  Refinery  
  16  0:51  SCV  
  17  1:03  SCV  
  18  1:15  SCV  
  19  1:27  Orbital Command, Reaper  
  20  1:39  Command Center  
  20  1:48  Supply Depot  
  20  1:53  SCV  
  21  1:59  Marine  
  22  2:11  SCV  
  22  2:12  Factory  
  22  2:15  Refinery  
  23  2:21  Barracks Reactor  
  23  2:37  SCV  
  24  2:50  SCV  
  25  2:52  Orbital Command  
  25  3:04  Starport, Hellion x2  
  25  3:05  SCV  
  30  3:07  Barracks Tech Lab  
  30  3:15  Supply Depot  
  30  3:17  SCV  
  31  3:22  SCV  
  31  3:25  Liberator  
  32  3:27  Hellion x2  
  32  3:29  Marine, SCV  
  38  3:37  SCV  
  38  3:41  SCV  
  39  3:46  Supply Depot  
  42  3:48  Marine  
  42  3:49  SCV  
  42  3:54  Hellion  
  45  3:57  Hellion  
  45  3:59  SCV  
  45  4:01  SCV  
  49  4:07  Marine  
  49  4:08  Stimpack  
  50  4:13  SCV  
  50  4:14  SCV  
  52  4:30  Command Center  
  52  4:31  Supply Depot  
  52  4:32  SCV  
  52  4:33  SCV  
  52  4:34  Marine  
  55  4:43  Barracks  
  55  4:47  SCV x2  
  55  4:48  Barracks  
  57  4:59  SCV x2  
  59  5:00  Marine  
  59  5:01  Starport Reactor, Factory Reactor  
  59  5:04  Engineering Bay  
  59  5:05  Engineering Bay  
  60  5:11  SCV x2  
  60  5:12  Refinery  
  62  5:18  Marine  
  62  5:21  Refinery  
  64  5:28  SCV x2  
  64  5:33  Terran Infantry Armor Level 1, Terran Infantry Weapons Level 1  
  63  5:36  Marine  
  64  5:46  Orbital Command  
  64  5:51  Supply Depot  
  64  5:53  Marine  
  64  5:54  Marine x2  
  64  5:55  Medivac x2  
  64  5:56  SCV  
  64  5:57  SCV, Combat Shield  
  73  5:58  Marine x2  
  73  5:59  Factory Tech Lab  
  75  6:08  SCV  
  75  6:09  SCV  
  77  6:11  Marine  
  75  6:21  SCV x2  
  77  6:27  Marine x3, Orbital Command  
  77  6:28  Marine  
  77  6:29  Marine  
  77  6:30  Missile Turret, Armory  
  77  6:31  Supply Depot, Missile Turret  
  82  6:37  Barracks x2  
  82  6:45  Marine x3  
  85  6:51  Siege Tank, Medivac  
  85  6:52  Medivac  
  92  6:54  SCV  
  92  6:55  SCV  
  92  7:12  Marine  
  93  7:22  Marine x2  
  92  7:23  Marine x2  
  92  7:26  Hellion  
  92  7:29  Barracks Reactor x2  
  96  7:34  SCV x3  
  99  7:37  Marine, Missile Turret  
  99  7:39  Terran Vehicle Weapons Level 1  
  99  7:40  Marine  
  101  7:56  Supply Depot x2  
  101  7:57  Supply Depot  
  101  7:58  Supply Depot  
  101  8:11  Terran Infantry Armor Level 2, Terran Infantry Weapons Level 2  
  101  8:17  Marine x7, SCV x2, Thor  
  101  8:18  SCV  
  117  8:20  Factory  
  117  8:24  Supply Depot  
  117  8:25  Supply Depot  
  117  8:26  Supply Depot  
  117  8:28  Refinery  
  117  8:30  SCV x3  
  117  8:31  Marine x2  
  117  8:33  Medivac x2  
  126  8:35  Marine x4  
  128  8:42  SCV x3  
  128  8:46  Refinery  
  131  8:49  Marine  
  131  8:50  Marine x4  
  131  8:51  Missile Turret  
  131  8:53  Marine x2  
  131  8:54  SCV x2  
  131  8:55  Marine x2  
  142  9:04  Barracks x2  
  142  9:05  Barracks  
  142  9:06  Command Center, Missile Turret  
  142  9:08  Marine x2  
  142  9:09  Supply Depot  
  144  9:10  Supply Depot  
  144  9:11  Supply Depot  
  144  9:17  SCV x3  
  147  9:24  Marine  
  147  9:25  Marine x6  
  147  9:27  Drilling Claws, Factory Reactor  
  147  9:28  Medivac  
  147  9:30  Medivac  
  147  9:31  Widow Mine  
  147  9:52  Marine x3  
  150  9:56  Refinery  
  150  9:58  Missile Turret  
  150  10:06  Barracks Tech Lab x3  
  120  10:13  Marine  
  120  10:14  Marine x8  
  119  10:21  Medivac x2  
  119  10:27  Supply Depot  
  122  10:30  Marine x3  
  122  10:31  Marine x2  
  122  10:32  Marine, Widow Mine x3  
  129  10:46  SCV x2  
Show
View Real Time Build Order
Export as new Build Order

PakaZerg Zerg - Winner!

Build Orders: Hatch First, Muta Ling Bane 

Get SALT Encoding   

  12  0:01  Drone  
  13  0:15  Overlord  
  13  0:19  Drone  
  14  0:34  Drone x2  
  16  0:37  Drone  
  17  0:55  Drone  
  17  0:56  Hatchery  
  17  0:59  Drone  
  18  1:11  Extractor  
  17  1:14  Spawning Pool  
  17  1:16  Drone  
  17  1:20  Drone  
  18  1:31  Drone  
  19  1:43  Overlord  
  19  1:57  Drone  
  19  2:00  Queen  
  22  2:04  Zergling x2  
  22  2:08  Zergling x2  
  24  2:09  Queen  
  24  2:12  Metabolic Boost  
  26  2:16  Drone  
  26  2:20  Drone  
  28  2:25  Drone  
  29  2:36  Drone x2  
  31  2:37  Queen  
  31  2:40  Drone  
  33  2:45  Queen  
  35  2:52  Overlord x2  
  35  3:01  Overlord  
  35  3:20  Drone x2  
  35  3:21  Drone x5  
  35  3:25  Overlord  
  35  3:26  Drone x2  
  44  3:40  Hatchery  
  43  3:50  Drone x5  
  48  3:57  Drone x6  
  48  3:58  Drone  
  48  3:59  Extractor, Evolution Chamber  
  48  4:00  Evolution Chamber  
  48  4:02  Extractor  
  51  4:05  Lair  
  51  4:11  Roach Warren  
  50  4:17  Overlord  
  50  4:18  Overlord  
  50  4:20  Zergling x4  
  52  4:34  Spore Crawler, Zergling x10, Spine Crawler  
  52  4:35  Zergling x2  
  56  4:43  Queen  
  57  5:01  Queen  
  57  5:02  Overlord  
  57  5:05  Spire  
  56  5:15  Drone  
  56  5:16  Drone x2  
  56  5:17  Extractor  
  56  5:18  Drone x3  
  61  5:23  Spore Crawler  
  61  5:27  Drone x2  
  61  5:28  Spore Crawler  
  61  5:29  Zerg Ground Armor Level 1  
  61  5:39  Drone x9  
  70  5:47  Zerg Melee Weapons Level 1  
  70  5:49  Baneling Nest  
  69  6:02  Drone x5  
  69  6:04  Overlord x2, Extractor  
  74  6:05  Extractor  
  72  6:19  Zerg Flyer Weapons Level 1  
  72  6:22  Mutalisk x3  
  78  6:27  Drone  
  78  6:28  Drone x6  
  85  6:42  Baneling x12  
  85  6:43  Zergling x8  
  89  6:47  Drone  
  89  6:48  Drone x3  
  89  6:51  Drone  
  94  7:09  Zergling x14  
  99  7:22  Mutalisk x4  
  96  7:24  Zergling x2  
  105  7:32  Overlord x2  
  105  7:42  Infestation Pit  
  105  7:43  Overlord x2, Drone  
  105  7:46  Zerg Melee Weapons Level 2, Zerg Ground Armor Level 2, Hatchery  
  105  7:47  Overlord  
  105  7:49  Drone  
  105  7:51  Drone x3  
  108  7:54  Baneling x2  
  108  7:55  Baneling x4  
  108  7:56  Mutalisk x2  
  112  8:02  Spine Crawler  
  111  8:06  Spine Crawler  
  111  8:20  Zergling x26  
  123  8:28  Baneling x4  
  123  8:29  Centrifical Hooks  
  123  8:35  Mutalisk x3  
  123  8:36  Mutalisk  
  131  8:44  Overlord x2  
  131  8:47  Zerg Flyer Weapons Level 2  
  131  8:57  Overlord x2  
  131  8:58  Queen, Drone x5  
  138  9:04  Zergling x10  
  143  9:16  Mutalisk x4  
  151  9:18  Overlord x3  
  143  9:39  Mutalisk x4  
  143  9:41  Zergling x18  
  143  9:44  Lair  
  160  9:53  Hive  
  147  10:08  Zergling x8  
  147  10:09  Zergling x18  
  147  10:13  Zergling x6  
  155  10:28  Zergling x2  
  155  10:29  Zergling x16  
  155  10:32  Baneling x26  
  164  10:49  Hatchery  
  154  10:52  Unknown  
Tags
 
Add a new tag
Caveats
  • Supply blocks, unpowered buildings, or Contaminate may cause inaccurate times.
  • Supply counts are checked every 10 seconds.